 Dungeon Crawl Stone Soup version 0.29.0-10-g45618ea6d2 (webtiles) character file.

Game seed: 5903703687208814335

56 SensoryNuts the Covered (level 3, -2/23 HPs)
             Began as a Gargoyle Fighter on Sept 2, 2022.
             Blown up by Ijyb (11 damage)
             ... with a mindburst bolt
             ... on level 3 of the Dungeon.
             The game lasted 00:02:13 (2398 turns).

SensoryNuts the Covered (Gargoyle Fighter)          Turns: 2398, Time: 00:02:14

Health: -2/23      AC: 12    Str: 21    XL:     3   Next: 97%
Magic:  3/3        EV:  9    Int:  8    God:
Gold:   170        SH:  4    Dex:  9    Spells: 2/2 levels left

rFire   . . .      SeeInvis .   a - +0 flail
rCold   . . .      Faith    .   c - +0 buckler
rNeg    + . .      Spirit   .   b - +0 scale mail
rPois   ∞          Reflect  .   (no helmet)
rElec   +          Harm     .   (no cloak)
rCorr   .          Rampage  .   h - +0 pair of gloves
Will    .....                   g - +0 pair of boots
Stlth   ..........              (no amulet)
HPRegen 0.07/turn               f - ring of flight
MPRegen 0.08/turn               (no ring)

@: mighty, flying
A: sickness immunity, AC +3, negative energy resistance 1, electricity
resistance, torment resistance 1, petrification resistance
a: no special abilities


You were on level 3 of the Dungeon.
You visited 1 branch of the dungeon, and saw 3 of its levels.

You collected 170 gold pieces.

Inventory:

Hand Weapons
 a - a +0 flail (weapon)
Armour
 b - a +0 scale mail (worn)
 c - a +0 buckler (worn)
 g - a +0 pair of boots (worn)
 h - a +0 pair of gloves (worn)
Jewellery
 f - a ring of flight (left hand)
Scrolls
 e - a scroll of teleportation
 i - a scroll of amnesia
 k - a scroll of silence {unknown}
Potions
 d - a potion of might
 j - a potion of attraction {unknown}
 l - 3 potions of invisibility
 m - a potion of heal wounds {unknown}
 n - a potion of lignification {unknown}


   Skills:
 + Level 3.6 Fighting
 * Level 3.0 Maces & Flails
 + Level 4.0 Armour
 + Level 0.2 Dodging
 + Level 3.5 Shields


You had 2 spell levels left.
You didn't know any spells.
Your spell library contained the following spells:

 Spells                   Type           Power      Damage    Failure   Level
 Foxfire                  Conj/Fire      0%         2x1d4     83%         1
 Conjure Flame            Conj/Fire      0%         6-21      99%         3
 Inner Flame              Hex/Fire       0%         N/A       99%         3
 Flame Wave               Conj/Fire      0%         2d4       100%        4


Dungeon Overview and Level Annotations

Branches:
Dungeon (3/15)

Altars:

Annotations:
D:3 Ijyb


Innate Abilities, Weirdness & Mutations

You are immune to sickness and miasma.
Your stone body is resilient. (AC +3)
You are immune to poison.
You resist negative energy. (rN+)
You are resistant to electric shocks. (rElec)
You are resistant to unholy torment.
You are immune to petrification.


Message History

You swing at nothing.
You swing at nothing.
l - 3 potions of invisibility (gained 1)
You now have 163 gold pieces (gained 10).
Things that are here:
a +0 club; a kobold corpse
k - a scroll labelled GOLUOGH MISO You now have 170 gold pieces (gained 7).
Things that are here:
a +0 whip; 5 stones; a kobold corpse A giant cockroach comes into view.
A giant cockroach is nearby!
A giant cockroach is nearby!
A giant cockroach is nearby!
A giant cockroach is nearby!
You hit the giant cockroach.
You kill the giant cockroach!
No target in view!
No target in view!
No target in view!
No target in view!
No target in view!
No target in view!
No target in view!
No target in view!
No target in view!
No target in view!
m - a red potion
Found 6 stones.
Found a stone staircase leading down.
n - a sapphire potion Ijyb the Twisted Goblin comes into view.
She is wielding a +0 dagger and carrying a wand of mindburst (8).
Ijyb shouts!
Ijyb is nearby!
Ijyb is nearby!
Ijyb zaps a wand.
Your mind is blasted!
Ouch! That really hurt!
You feel very mighty all of a sudden.
Ijyb zaps a wand.
Your mind is blasted!
You die...

#####.#..####...)........#
......#..## #.....########
###...............#
#......####.....#
#.........#.....#
#...[..(........#
#......##...#####
#......##.#.#####
#......##.#.g.@.#
#.........#####.##
#...........# #..#
#####....##.####.#
#......###......###
#......# ###.....>#
#......# #.###### #......#
#.# #....... #.#


You could see Ijyb.

Vanquished Creatures
  2 adders (D:3)
  A worm (D:3)
  A dart slug (D:2)
  2 orcs (D:3)
  A bat (D:1)
  3 endoplasms
  A giant cockroach (D:3)
  2 goblins
  4 hobgoblins
  2 jackals (D:3)
  4 kobolds
  A quokka (D:2)
  2 ball pythons
  2 frilled lizards
  2 rats
30 creatures vanquished.

Notes
Turn   | Place    | Note
-------+----------+-------------------------------------------
     0 | D:1      | SensoryNuts the Gargoyle Fighter began the quest for the
                  | Orb.
     0 | D:1      | Reached XP level 1. HP: 14/14 MP: 1/1
   894 | D:1      | Reached XP level 2. HP: 19/19 MP: 2/2
  1589 | D:2      | Found a faded altar of an unknown god.
  1963 | D:3      | Reached XP level 3. HP: 23/23 MP: 3/3
  2207 | D:3      | Reached skill level 4 in Armour
  2396 | D:3      | Noticed Ijyb
  2398 | D:3      | Blown up by Ijyb

Illustrated notes

Levels and vault maps discovered:
D:1:      scummos_arrival_checkerplants, layout_basic
D:2:      layout_loops_cross, hellmonk_ecumenical_altar_slurped_away
D:3:      layout_basic, grunt_temple_overflow_open, serial_bayou_pond_c,
          roderic_batcave, uniq_ijyb

Skill      XL: |  1  2  3 |
---------------+----------+-----
Armour         | 4 |  4.0
Maces & Flails | 3 |  3.0
Fighting       | |  3.6
Dodging        | |  0.2
Shields        | |  3.5

Action                   || total
-------------------------++-------
Melee: Flail             ||    94
  Use: Scroll            ||     4
       Potion            ||     1
Armor: Scale mail        ||    52
Dodge: Dodged            ||    39
Block: Buckler           ||    16
